 Dungeon Crawl Stone Soup version 0.30-a0-956-gcec3b41aec (webtiles) character file.

Game seed: 834114578150444428

852 voltaire321 the Ducker (level 8, -2/60 HPs)
             Began as a Merfolk Venom Mage on Mar 29, 2023.
             Slain by an iguana (12 damage)
             ... on level 5 of the Dungeon.
             The game lasted 00:14:17 (5007 turns).

voltaire321 the Ducker (Merfolk Venom Mage)         Turns: 5007, Time: 00:14:17

Health: -2/60      AC:  6    Str: 11    XL:     8   Next: 1%
Magic:  9/14       EV: 12    Int: 14    God:
Gold:   238        SH:  5    Dex: 14    Spells: 8/15 levels left

rFire   . . .      SeeInvis .    s - +2 hand axe (flame)
rCold   . . .      Faith    .    (no shield)
rNeg    . . .      Spirit   .    q - +0 ring mail
rPois   +          Reflect  +    (no helmet)
rElec   .          Rampage  .    (no cloak)
rCorr   .                        n - +0 pair of gloves
Will    .....                    (no boots)
Stlth   +                        g - amulet of reflection
HPRegen 0.30/turn                l - ring of poison resistance
MPRegen 0.14/turn                (no ring)

@: lethally poisoned (-2 -> -3)
A: (nimble swimmer 2), mertail
a: no special abilities


You were on level 5 of the Dungeon.
You visited 1 branch of the dungeon, and saw 5 of its levels.
You also visited: Sewer.

You collected 238 gold pieces.

Inventory:

Hand Weapons
 s - a +2 hand axe of flaming (weapon)
 y - a +2 dagger of venom
Missiles
 c - a throwing net
Armour
 n - a +0 pair of gloves (worn)
 q - a +0 ring mail (worn)
Jewellery
 g - an amulet of reflection (around neck)
 l - a ring of poison resistance (left hand)
Scrolls
 d - a scroll of vulnerability
 f - a scroll of identify
 h - 6 scrolls of teleportation
 i - a scroll of blinking
 k - a scroll of fog {unknown}
 p - a scroll of amnesia
Potions
 a - a potion of ambrosia {unknown}
 b - a potion of magic
 e - 2 potions of flight {unknown}
 j - 2 potions of berserk rage
 r - 2 potions of curing {unknown}
 t - 2 potions of resistance {unknown}
 u - a potion of haste {unknown}
 v - 2 potions of cancellation
 w - a potion of might {unknown}
 x - 3 potions of heal wounds
 z - 2 potions of attraction {unknown}
 A - a potion of lignification


   Skills:
 + Level 4.0 Fighting
 + Level 2.5 Armour
 + Level 5.7 Dodging
 - Level 2.1 Stealth
 + Level 4.0 Spellcasting
 - Level 2.0 Transmutations
 + Level 5.3 Poison Magic


You had 8 spell levels left.
You knew the following spells:

 Your Spells              Type           Power      Damage    Failure   Level
a - Sting                 Tmut/Pois      52%        1d5       10%         1
b - Poisonous Vapours     Pois/Air       20%        N/A       22%         2
c - Olgreb's Toxic Radia  Pois           17%        N/A       45%         4

Your spell library contained the following spells:

 Spells                   Type           Power      Damage    Failure   Level
 Mephitic Cloud           Conj/Pois/Air  7%         N/A       54%         3


Dungeon Overview and Level Annotations

Branches:
Dungeon (5/15)              Sewer (visited)
 Temple: D:4-7

Altars:
Cheibriados
Fedhas
Hepliaklqana


Innate Abilities, Weirdness & Mutations

((You are very nimble when in or above water. (Stealth+, EV+, Speed+++)))
Your lower body shifts to a powerful aquatic tail in water.


Message History

The orc wizard is lightly wounded.
Aiming: Sting (safe; 10% risk of failure)
Press: ? - help, Q - select action, (/) - cycle Shift-Dir - straight line, f/p - orc priest
Aim: an orc priest, wielding a +0 dagger and wearing a +0 leather armour (lightly wounded, very poisoned, 71% to hit)
You miscast Sting.
You are very lightly contaminated with residual magic.
Nothing appears to happen.
Magical energy flows into your mind!
The orc priest calls upon Beogh to heal the orc wizard.
The orc wizard is healed somewhat.
The orc wizard hits you but does no damage.
Aiming: Sting (safe; 10% risk of failure)
Press: ? - help, Q - select action, (/) - cycle Shift-Dir - straight line, f/p - orc priest
Aim: an orc priest, wielding a +0 dagger and wearing a +0 leather armour (moderately wounded, very poisoned, 71% to hit)
The sting misses the orc wizard.
The sting misses the orc priest.
The orc wizard casts a spell.
The orc wizard flickers and vanishes!
Deactivating autopickup; reactivate with Ctrl-A.
You hit something. You burn something. You hit the iguana but do no damage.
Something hits you.
You are poisoned.
You block the iguana's attack.
You closely miss something. You barely miss the iguana.
You feel sick. The iguana bites you. Something hits you. The iguana misses you.
Something hits you.
You closely miss something. You hit the iguana but do no damage.
You feel sick. Something hits you. The iguana completely misses you.
You miss something. You hit the iguana. You burn the iguana.
You feel sick.
You hear some strange, mumbled words.
A magic dart appears from out of thin air!
The magic dart hits you! The iguana bites you!
Your magical contamination has completely faded away.
You hit something but do no damage. You hit the iguana but do no damage.
You feel sick.
The orc priest casts a cantrip, but nothing happens.
The iguana bites you!
* * * LOW HITPOINT WARNING * * *
You block something's attack. Something hits you.
* * * LOW HITPOINT WARNING * * *
The iguana bites you!
You die...

#.###.### ..
#.##...##
...########....#...
#............#...##
#./#.....###.##.###
#. #.###.# #.##.# #
#. #.# #.# #.##.# #
.#####l##.###.#
#.##.# #
.....o{@..)...#
#.##.# #
.#..#o#######.#
#.#... # # #.#
.#... # #.# ... #
#.. # #.# # #.# #
.# # #


You could see an iguana, an orc priest (poisoned) and an orc.

Vanquished Creatures
  2 black bears
  2 ogres
  A kobold brigand (Sewer)
  2 orc priests (D:4)
  A hound (D:5)
  An iron imp (D:3)
  2 iguanas
  An orc wizard (D:4)
  A gnoll (D:1)
  10 adders
  A river rat (D:3)
  A shadow imp (D:5)
  4 worms
  A dart slug (D:1)
  5 orcs
  7 bats
  8 endoplasms
  7 giant cockroaches
  7 goblins
  8 hobgoblins
  3 jackals (D:1)
  19 kobolds
  4 quokkas
  8 ball pythons
  7 frilled lizards
  8 rats
121 creatures vanquished.

Vanquished Creatures (others)
  A fungus (Sewer)
  A plant (Sewer)
2 creatures vanquished.

Grand Total: 123 creatures vanquished

Notes
Turn   | Place    | Note
-------+----------+-------------------------------------------
     0 | D:1      | voltaire321 the Merfolk Venom Mage began the quest for the
                  | Orb.
     0 | D:1      | Reached XP level 1. HP: 13/13 MP: 3/3
   149 | D:1      | Reached XP level 2. HP: 20/20 MP: 3/5
   448 | D:1      | Reached skill level 1 in Fighting
   448 | D:1      | Reached XP level 3. HP: 15/26 MP: 0/6
  1112 | D:1      | Learned a level 2 spell: Poisonous Vapours
  1657 | D:2      | Reached XP level 4. HP: 32/32 MP: 5/7
  1690 | D:2      | Reached skill level 1 in Armour
  2384 | D:3      | Found a glowing drain.
  2396 | Sewer    | Entered a sewer
  2414 | Sewer    | Noticed a kobold brigand
  2462 | Sewer    | Killed a kobold brigand
  2463 | Sewer    | Reached XP level 5. HP: 26/38 MP: 0/9
  2962 | D:3      | Found a snail-covered altar of Cheibriados.
  2978 | D:3      | Reached XP level 6. HP: 36/46 MP: 10/10
  3238 | D:3      | Noticed a black bear
  3249 | D:3      | Killed a black bear
  3745 | D:4      | Reached XP level 7. HP: 52/52 MP: 6/12
  3916 | D:4      | Learned a level 4 spell: Olgreb's Toxic Radiance
  3929 | D:4      | Reached skill level 5 in Dodging
  4355 | D:5      | Entered Level 5 of the Dungeon
  4462 | D:5      | Found a blossoming altar of Fedhas.
  4555 | D:5      | Reached skill level 5 in Poison Magic
  4918 | D:5      | Reached XP level 8. HP: 52/60 MP: 10/14
  4949 | D:5      | Found a hazy altar of Hepliaklqana.
  5007 | D:5      | Slain by an iguana

Illustrated notes

Levels and vault maps discovered:
D:1:      dpeg_arrival_simpleton_b, layout_loops_cross,
          chequers_serial_rivers_small_3, minmay_unequal
D:2:      layout_basic, minmay_misc_feat_rugged, kennysheep_path_1,
          chequers_serial_rivers_micro_c
D:3:      layout_basic, slow_altar_1, gup_sewer_entry_bubbles,
          nicolae_half_adder
D:4:      layout_cave_pools
D:5:      layout_loops_ring, mainiacjoe_overflow_alcove_4, marbit_many_paths

Skill      XL: |  1  2  3  4  5  6  7 |
---------------+----------------------+-----
Fighting       | 1 2 3 4 |  4.0
Dodging        | 3 4 5 |  5.7
Transmutations | 2 |  2.0
Armour         | 1 2 |  2.5
Poison Magic   | 4 5 |  5.3
Spellcasting   | 3 4 |  4.0
Stealth        | |  2.1

Action                     |  1- 3 |  4- 6 |  7- 9 || total
---------------------------+-------+-------+-------++-------
  Melee: Unarmed           |     8 |       |       ||     8
         Short sword       |    33 |    19 |       ||    52
         Hand axe          |       |   125 |    66 ||   191
         Tailslap          |       |    10 |       ||    10
         Punch             |       |     1 |       ||     1
   Cast: Sting             |    55 |    33 |    22 ||   110
         Poisonous Vapours |       |     3 |     3 ||     6
    Use: Scroll            |       |     4 |     5 ||     9
   Stab: Sleeping          |       |     4 |     1 ||     5
 Armour: Robe              |     2 |       |       ||     2
         Ring mail         |       |    55 |    19 ||    74
  Dodge: Dodged            |    31 |    74 |    28 ||   133
  Block: Other             |     7 |    32 |    13 ||    52

Table legend: (Time is in decaauts)
 A = Elapsed time spent in this place.
 B = Non-inter-level travel time spent in this place.
 C = Inter-level travel time spent in this place.
 D = Time resting spent in this place.
 E = Time spent auto-exploring this place.
 F = Levels seen in this place.
 G = Mean time per level.
                   A        B        C        D        E       F      G
               +--------+--------+--------+--------+--------+-----+--------+
         Total |   5019 |   4859 |    160 |    732 |   2995 |   6 |  836.5 |
       Dungeon |   4721 |   4561 |    160 |    668 |   2926 |   5 |  944.2 |
         Sewer |    297 |    297 |      0 |     64 |     69 |   1 |  297.0 |
               +--------+--------+--------+--------+--------+-----+--------+

Top non-repeatable levels by time:
     D:3: 1165 daAuts
     D:1: 1106 daAuts
     D:2: 1104 daAuts
     D:4: 683 daAuts
     D:5: 660 daAuts
   Sewer: 297 daAuts
